 Dungeon Crawl Stone Soup version 0.28-a0-1117-g0bdd5ba030 (webtiles) character file.

Game seed: 16480182118468632720

0 spiderkeys the Skirmisher (level 1, -11/20 HPs)
             Began as a Djinni Abyssal Knight on Dec 12, 2021.
             Was a Follower of Lugonu.
             Killed from afar by a white imp (15 damage)
             ... with a puff of frost
             ... on level 1 of the Abyss.
             The game lasted 00:00:46 (222 turns).

spiderkeys the Skirmisher (Djinni Abyssal Knight)    Turns: 222, Time: 00:00:47

Health: -11/20     AC:  3    Str: 12    XL:     1   Next: 0%
Gold:   9          EV: 12    Int: 11    God:    Lugonu [*.....] SH:  0 Dex: 13

rFire   + + .      SeeInvis .   a - +1 falchion
rCold   x . .      Faith    .   (no shield)
rNeg    . . .      Spirit   .   b - +0 leather armour rPois โˆž Reflect .
                                (no helmet)
rElec   .          Harm     .   (no cloak)
rCorr   .          Rampage  .   (no gloves)
Will    .....                   (boots unavailable)
Stlth   +.........              (no amulet)
HPRegen 0.06/turn               (no ring)
MPRegen 0.00/turn               (no ring)

@: flying
A: sickness immunity, fire resistance 2, cold vulnerability 1, float, innate
caster, hp casting, extra vitality 1
a: Renounce Religion, Depart the Abyss


You were on level 1 of the Abyss.
You worshipped Lugonu.
Lugonu was aware of your devotion.
You visited 0 branches of the dungeon, and saw 0 of its levels.
You visited the Abyss 1 time.

You collected 9 gold pieces.


Innate Abilities, Weirdness & Mutations

You are immune to sickness and miasma.
You are immune to poison.
Your flesh is very heat resistant. (rF++)
You are vulnerable to cold. (rC-)
You float through the air rather than walking.
You learn spells naturally, not from books.
Your magical power is your life essence.
You have superior vitality. (+4 HP)


   Skills:
 + Level 3.0 Fighting
 + Level 1.7 Long Blades
 + Level 1.0 Armour
 + Level 2.1 Dodging
 + Level 1.7 Invocations


You couldn't memorise any spells.
You didn't know any spells.
Your spell library was empty.

Inventory:

Hand Weapons
 a - a +1 falchion (weapon)
Armour
 b - a +0 leather armour (worn)

Dungeon Overview and Level Annotations

Branches:
Dungeon (0/15)

Altars:

... .# #. ....#. ##.#
.(..#. ...# ...
#....##..##
.X.###....#...### .w..#
.......ยง#.# . ..
X.X...... ##@# ..#
.......#...#.#.#.X..#
.......##..4.......#...
. . #...X..#...##.....
#... ##.X#.##...# ..#...
.....#..##..#.#5...#.#.#
........###...#.....#...
.. ......#.##.###.....#
.........4.#......#..


You could see a large abomination and a white imp.


Message History

๐Ÿค– Initializing magus.rc ... โœ… Successfully initialized magus.rc [v1.9.10] Welcome, spiderkeys the Djinni Abyssal Knight.
Will you prevail where others failed? Will you find the Orb of Zot?
Lugonu says: Depart the Abyss and spread corruption, my servant! (use the ability menu to exit the Abyss) Press ? for a list of commands and other information.
Found two corrupted altars of Lugonu.
There is a corrupted altar of Lugonu here.
c - a scroll labelled RAZEIT ONKEPS Unknown command.
Found a gateway leading out of the Abyss.
There is a gateway leading out of the Abyss here.
You now have 9 gold pieces.
An apocalypse crab comes into view.
As you read the scroll labelled RAZEIT ONKEPS, it crumbles to dust.
It is a scroll of identify.
You don't have any unidentified items.
The apocalypse crab barely misses you. The apocalypse crab closely misses you.
A large abomination comes into view.
A small abomination comes into view.
The small abomination barely misses you.
The apocalypse crab breathes chaos at you.
The blast of chaos engulfs you but does no damage.
You resist.
You are engulfed in seething chaos.
The apocalypse crab is engulfed in seething chaos.
The apocalypse crab seems to slow down.
A lich comes into view.
The lich shouts!
A large abomination comes into view.
The large abomination barely misses you.
The large abomination closely misses you.
A tentacled starspawn comes into view.
Tentacles burst from the starspawn's body! 2 starspawn tentacles come into view.
A chaos spawn comes into view.
The chaos spawn gives a loud, deep croak!
A wretched star comes into view. 2 starspawn tentacles come into view.
A tentacled starspawn comes into view.
A tentacle flies out from the starspawn's body!
A starspawn tentacle comes into view.
A white imp comes into view.
A large abomination comes into view.
The white imp shouts!
The white imp gestures at you. The puff of frost hits you!
You feel a terrible chill!
Ouch! That really hurt!
* * * LOW HITPOINT WARNING * * *
Tentacles burst from the starspawn's body! 2 starspawn tentacles come into view. ๐Ÿ˜ฑ HP[-16]
You take 16 damage, and now have 4/20 hp.
MASSIVE DAMAGE!! (PAUSE)
The white imp gestures at you. The puff of frost hits you!
You feel a terrible chill!
Ouch! That really hurt!
You die...

Action                   || total
-------------------------++-------
  Use: Scroll            ||     1
Dodge: Dodged            ||     5

Levels and vault maps discovered:
Abyss:1:  base: Temple, base: Temple, minivault_5

Notes
Turn   | Place    | Note
-------+----------+-------------------------------------------
     0 | Abyss:1  | spiderkeys the Djinni Abyssal Knight began the quest for
                  | the Orb.
     0 | Abyss:1  | Reached XP level 1. HP: 20/20 MP: 0/0
     0 | Abyss:1  | magus.rc [v1.9.10]
   116 | Abyss:1  | Noticed an apocalypse crab
   133 | Abyss:1  | Noticed a large abomination
   141 | Abyss:1  | Noticed a small abomination
   158 | Abyss:1  | Noticed a lich
   169 | Abyss:1  | Noticed a large abomination
   196 | Abyss:1  | Noticed a tentacled starspawn
   200 | Abyss:1  | Noticed a chaos spawn
   205 | Abyss:1  | Noticed a wretched star
   207 | Abyss:1  | Noticed an ice devil
   207 | Abyss:1  | Noticed a large abomination
   214 | Abyss:1  | Noticed a tentacled starspawn
   219 | Abyss:1  | Noticed a large abomination
   220 | Abyss:1  | HP: 4/20 [white imp/puff of frost (16)]
   222 | Abyss:1  | Killed from afar by a white imp

Vanquished Creatures (others)
  8 starspawn tentacles (Abyss:1)
8 creatures vanquished.

Table legend:
 A = Non-vault XP
 B = Vault XP
 C = Vault XP percentage of total XP
 D = Non-vault monster count
 E = Vault monster count
 F = Vault count percentage of total count
                 A         B        C        D         E       F
            +---------+---------+-------+---------+---------+-------
      Total |       0 |       0 |   N/A |       0 |       0 |  -nan
            +---------+---------+-------+---------+---------+-------
            +---------+---------+-------+---------+---------+-------

Illustrated notes

Table legend: (Time is in decaauts)
 A = Elapsed time spent in this place.
 B = Non-inter-level travel time spent in this place.
 C = Inter-level travel time spent in this place.
 D = Time resting spent in this place.
 E = Time spent auto-exploring this place.
 F = Levels seen in this place.
 G = Mean time per level.
                   A        B        C        D        E       F      G
               +--------+--------+--------+--------+--------+-----+--------+
         Total |    222 |    222 |      0 |      0 |    114 |   1 |  222.0 |
         Abyss |    222 |    222 |      0 |      0 |    114 |   1 |  222.0 |
               +--------+--------+--------+--------+--------+-----+--------+

Top non-repeatable levels by time:
 Abyss:1: 222 daAuts
